AoeStats
← bosmang

Arabia

508687671Analyzed
1v1 RM · 8d ago on Sep 23, 2026· 59m 33s· 2 players
Game mode
Random Map
Map size
Tiny (2 player)
Population
200
Speed
Normal
Resources
Standard
Victory
Conquest
Starting age
Dark Age
Ending age
Imperial Age
RankedLock teamsTeams togetherTeam positionsShared explorationLock speedFull tech treeHidden civsTurbo modeCheats
Victory
Defeat
🇩🇪 Huns · Germany
1091
+14
🇨🇦 Varangians · Canada
1044
-14
bosmang
3:46 Loom
10:34 Feudal Age
17:11 Wheelbarrow
19:14 Padded Archer Armor
19:04 Fletching
19:09 Gold Mining
19:07 Double-Bit Axe
26:01 Castle Age
24:54 Scale Mail Armor
27:27 Bow Saw
27:55 Gold Shaft Mining
27:20 Bodkin Arrow
27:07 Horse Collar
28:34 Leather Archer Armor
28:27 Thumb Ring
28:59 Husbandry
29:20 Bloodlines
29:35 Heavy Plow
30:51 Ballistics
30:53 Pikeman
34:31 Town Watch
35:14 Forging
35:19 Chain Mail Armor
37:14 Iron Casting
37:11 Stone Mining
37:37 Masonry
42:01 Hand Cart
41:47 Town Patrol
45:09 Imperial Age
42:43 Town Patrol
43:09 Squires
43:53 Scale Barding Armor
45:20 Chain Barding Armor
45:39 Cavalier
47:44 Blast Furnace
48:03 Parthian Tactics
49:14 Conscription
50:48 Paladin
53:38 Atheism
53:44 Conscription
53:41 Murder Holes
53:12 Elite Skirmisher
54:12 Capped Ram
56:06 Plate Barding Armor
santa7785
7:48 Loom
9:34 Feudal Age
10:29 Double-Bit Axe
10:20 Man-at-Arms
15:52 Horse Collar
16:20 Fletching
18:21 Town Watch
21:40 Castle Age
20:31 Padded Archer Armor
21:31 Bloodlines
23:31 Scale Barding Armor
24:32 Forging
26:09 Wheelbarrow
26:37 Bow Saw
28:39 Chain Barding Armor
28:48 Heavy Plow
30:39 Bodkin Arrow
32:44 Iron Casting
33:08 Elite Skirmisher
37:15 Gold Mining
37:16 Stone Mining
40:13 Leather Archer Armor
42:34 Imperial Age
41:43 Ballistics
42:19 Town Patrol
44:25 Chemistry
47:47 Blast Furnace
47:23 Plate Barding Armor
46:57 Husbandry
52:51 Bracer
58:23 Fortified Wall
59:36 Murder Holes
Connection lost

Rejoining the realm…

Still unreachable

The connection could not be restored.

Session expired

The server has moved on; the page needs a fresh start.